Map: Romanticide LE

Players

Clem - Winner!

  • Race: Terran Terran

ForJumy

  • Race: Protoss Protoss

Event: DreamHack SC2 Masters 2021 Winter

VOD

Have the link to the VOD?

Description

Time

  • Played on: Oct. 3, 2021, 10:23 a.m.
  • Length: 7:47

All games in this series

Show
View Real Time Build Order
Export as new Build Order

Clem Terran - Winner!

Build Orders:  

Get SALT Encoding   

  12  0:00  SCV  
  13  0:12  SCV  
  14  0:16  Supply Depot  
  14  0:25  SCV  
  15  0:38  SCV  
  15  0:40  Barracks  
  16  0:42  Refinery  
  16  0:50  SCV  
  17  1:02  SCV  
  18  1:14  SCV  
  19  1:27  Barracks Reactor, Orbital Command  
  19  1:40  Command Center  
  19  1:53  SCV  
  20  1:54  Supply Depot  
  20  2:02  Marine  
  20  2:03  Reaper  
  20  2:05  SCV  
  23  2:14  Bunker  
  23  2:17  SCV  
  23  2:21  Marine  
  25  2:23  Factory  
  25  2:27  Refinery  
  25  2:29  SCV  
  26  2:35  Marine  
  27  2:41  SCV  
  27  2:42  Marine  
  29  2:52  Marine  
  29  2:53  SCV, Orbital Command  
  31  3:00  Marine  
  32  3:06  SCV  
  32  3:07  Factory Tech Lab  
  32  3:08  Starport  
  32  3:11  Marine  
  33  3:18  SCV x2, Marine  
  36  3:26  Siege Tank  
  39  3:30  SCV  
  39  3:31  SCV  
  39  3:33  Marine  
  39  3:34  Supply Depot  
  42  3:36  Marine  
  43  3:42  SCV  
  43  3:44  SCV  
  43  3:45  Barracks  
  45  3:51  Supply Depot  
  45  3:55  SCV, Marine x2  
  47  3:56  SCV  
  47  4:01  Raven  
  51  4:05  Factory Tech Lab  
  51  4:07  SCV  
  51  4:08  SCV  
  53  4:13  Supply Depot, Marine x2  
  55  4:19  SCV  
  55  4:21  Barracks  
  56  4:26  Siege Tank  
  56  4:27  SCV  
  56  4:31  Marine x2  
  62  4:33  Refinery  
  62  4:34  SCV  
  62  4:36  Engineering Bay  
  63  4:39  SCV  
  63  4:43  Supply Depot  
  64  4:46  SCV  
  64  4:48  Marine  
  64  4:49  Marine  
  64  4:51  SCV  
  68  4:53  Marine  
  68  4:54  Stimpack, Refinery  
  68  4:58  SCV  
  70  5:04  SCV  
  70  5:06  Supply Depot, Terran Infantry Weapons Level 1  
  71  5:08  Marine x2  
  71  5:10  SCV  
  71  5:12  Marauder  
  76  5:17  SCV  
  76  5:19  Supply Depot, Combat Shield  
  77  5:22  Starport Reactor  
  77  5:23  SCV  
  77  5:28  Marauder  
  80  5:29  Marine  
  80  5:30  Marine  
  80  5:33  Marauder  
  84  5:40  Factory Reactor  
  84  5:41  Supply Depot  
  84  5:47  Marine  
  84  5:48  Marine  
  84  5:49  Marauder  
  88  5:51  Supply Depot  
  88  5:56  Marauder  
  89  6:00  Command Center  
  89  6:05  Medivac x2  
  89  6:08  Marine  
  94  6:14  Marine  
  94  6:15  Missile Turret  
  94  6:17  Marauder  
  97  6:23  Marauder, Supply Depot  
  99  6:26  SCV, Marine  
  99  6:27  SCV  
  99  6:32  Marine  
  102  6:36  Widow Mine  
  102  6:38  Marauder  
  104  6:44  Marauder, Marine  
  104  6:45  Supply Depot  
  107  6:47  Barracks  
  107  6:49  Barracks  
  107  6:50  Medivac  
  107  6:51  Medivac  
  111  6:58  Marine  
  111  7:00  Marauder  
  116  7:01  Widow Mine x2, SCV  
  116  7:04  Supply Depot  
  116  7:06  SCV  
  116  7:07  Marine x2  
  120  7:13  SCV  
  120  7:18  Marine  
  120  7:21  Marauder  
  121  7:25  Marauder  
  121  7:26  Marine  
  121  7:28  SCV  
  119  7:34  SCV  
  112  7:38  Barracks Tech Lab  
  112  7:39  Barracks Reactor  
Show
View Real Time Build Order
Export as new Build Order

ForJumy Protoss 

Build Orders: 1 Gate Expand, Blink Stalkers 

Get SALT Encoding   

  12  0:00  Probe  
  13  0:12  Probe  
  14  0:16  Pylon  
  14  0:24  Probe  
  15  0:36  Gateway, Probe (Chrono Boost)  
  16  0:42  Assimilator  
  16  0:47  Probe (Chrono Boost)  
  17  0:51  Probe (Chrono Boost)  
  18  1:03  Probe  
  19  1:15  Probe  
  20  1:23  Nexus  
  20  1:32  Cybernetics Core  
  20  1:35  Probe  
  21  1:42  Assimilator  
  21  1:46  Pylon  
  21  1:49  Probe  
  22  2:01  Probe  
  22  2:05  Stalker (Chrono Boost)  
  25  2:08  Warp Gate  
  25  2:13  Probe  
  26  2:18  Twilight Council  
  26  2:26  Probe (Chrono Boost)  
  26  2:28  Stalker  
  29  2:35  Probe (Chrono Boost)  
  30  2:38  Probe (Chrono Boost)  
  32  2:44  Probe (Chrono Boost)  
  32  2:45  Probe (Chrono Boost)  
  32  2:49  Probe (Chrono Boost)  
  34  2:52  Probe  
  34  2:57  Robotics Facility  
  35  3:01  Probe  
  35  3:04  Probe  
  37  3:11  Blink (Chrono Boost)  
  37  3:13  Probe (Chrono Boost)  
  37  3:14  Gateway  
  37  3:19  Probe (Chrono Boost)  
  39  3:25  Probe (Chrono Boost)  
  40  3:29  Gateway  
  40  3:33  Probe x2 (Chrono Boost)  
  42  3:35  Assimilator  
  42  3:39  Probe  
  42  3:40  Probe  
  44  3:42  Pylon  
  44  3:46  Observer, Pylon  
  45  3:51  Probe  
  45  3:54  Gateway  
  46  4:00  Probe  
  46  4:01  Stalker  
  49  4:03  Pylon  
  49  4:11  Warp Prism  
  51  4:19  Stalker  
  51  4:21  Pylon  
  53  4:24  Stalker  
  53  4:29  Stalker  
  57  4:37  Pylon  
  57  4:43  Stalker  
  59  4:49  Stalker x2  
  63  4:54  Stalker  
  63  4:59  Pylon  
  65  5:07  Observer, Probe  
  65  5:08  Stalker  
  65  5:12  Stalker x2  
  72  5:17  Stalker  
  74  5:28  Probe  
  61  5:43  Stalker  
  61  5:45  Stalker x2  
  61  5:46  Stalker  
  61  5:48  Probe  
  70  5:50  Robotics Bay  
  70  5:51  Probe  
  71  6:00  Probe  
  71  6:01  Nexus  
  70  6:04  Probe  
  70  6:07  Assimilator  
  71  6:12  Gateway, Probe  
  71  6:13  Gateway  
  71  6:16  Probe  
  72  6:24  Probe  
  71  6:28  Probe  
  72  6:36  Colossus (Chrono Boost)  
  72  6:37  Probe (Chrono Boost)  
  72  6:49  Probe x2 (Chrono Boost)  
  73  6:54  Zealot x3  
  73  6:55  Sentry  
  73  6:57  Probe (Chrono Boost), Shield Battery  
  82  7:03  Probe  
  83  7:09  Sentry  
  83  7:10  Gateway, Zealot  
  83  7:11  Gateway  
  87  7:21  Zealot x2  
  89  7:27  Zealot  
  79  7:34  Zealot x2  
  71  7:37  Zealot  

Tags
 
Add a new tag
Caveats
  • Supply blocks, unpowered buildings, or Contaminate may cause inaccurate times.
  • Supply counts are checked every 10 seconds.